 Dungeon Crawl Stone Soup version 0.28.0-53-g5a82cb258f (console) character file.

Game seed: 6424261623622053889

0 Banquo the Shield-Bearer (level 1, 0/14 HPs)
             Began as a Gargoyle Fighter on Aug 1, 2022.
             Slain by a kobold
             ... wielding a +2 short sword of flaming
              (1 damage)
             ... on level 1 of the Dungeon.
             The game lasted 00:00:12 (17 turns).

Banquo the Shield-Bearer (Gargoyle Fighter)           Turns: 17, Time: 00:00:12

Health: 0/14       AC:  9    Str: 19    XL:     1   Next: 10%
Magic:  1/1        EV:  9    Int:  8    God:
Gold:   0          SH:  4    Dex:  9    Spells: 0/0 levels left

rFire   . . .      SeeInvis .   a - +0 war axe
rCold   . . .      Faith    .   c - +0 buckler
rNeg    + . .      Spirit   .   b - +0 scale mail
rPois   ∞          Reflect  .   (no helmet)
rElec   +          Harm     .   (no cloak)
rCorr   .          Rampage  .   (no gloves)
Will    .....                   (no boots)
Stlth   ..........              (no amulet)
HPRegen 0.04/turn               (no ring)
MPRegen 0.07/turn               (no ring)

@: no status effects
A: sickness immunity, AC +2, negative energy resistance 1, electricity
resistance, torment resistance 1, petrification resistance
a: no special abilities


You were on level 1 of the Dungeon.
You visited 1 branch of the dungeon, and saw 1 of its levels.

Inventory:

Hand Weapons
 a - a +0 war axe (weapon)
Armour
 b - a +0 scale mail (worn)
 c - a +0 buckler (worn)
Potions
 d - a potion of might


   Skills:
 - Level 3.2 Fighting
 + Level 1.8 Axes
 - Level 3.2 Armour
 - Level 3.2 Shields


You couldn't memorise any spells.
You didn't know any spells.
Your spell library was empty.

Dungeon Overview and Level Annotations

Branches:
Dungeon (1/15)

Altars:


Innate Abilities, Weirdness & Mutations

You are immune to sickness and miasma.
Your stone body is resilient. (AC +2)
You are immune to poison.
You resist negative energy. (rN+)
You are resistant to electric shocks. (rElec)
You are resistant to unholy torment.
You are immune to petrification.


Message History

A frilled lizard comes into view.
A kobold comes into view.
It is wielding a +2 short sword of flaming.
You completely miss the rat. You closely miss the quokka.
The kobold shouts!
The quokka bites you but does no damage.
The rat closely misses you. The quokka bites you. The rat barely misses you.
You closely miss the rat. You barely miss the quokka. You closely miss the bat.
You block the bat's attack.
The quokka bites you but does no damage.
The rat bites you. You block the quokka's attack.
You barely miss the goblin. You hit the bat but do no damage.
You barely miss the quokka. You completely miss the rat.
The bat hits you but does no damage. The goblin hits you but does no damage.
The rat bites you but does no damage. The quokka closely misses you.
You block the goblin's attack. The rat misses you.
You barely miss the goblin. You closely miss the bat.
You closely miss the quokka. You closely miss the rat.
You block the bat's attack. The quokka bites you.
The goblin hits you with a +0 club.
* * * LOW HITPOINT WARNING * * *
The bat closely misses you.
The quokka bites you but does no damage.
The rat closely misses you.
You are too injured to fight recklessly!
You hit the quokka.
The quokka is severely wounded.
You hit the rat.
You kill the rat!
You miss the goblin. You barely miss the frilled lizard. You hit the bat.
The bat hits you but does no damage. x2; The frilled lizard bites you.
* * * LOW HITPOINT WARNING * * *
The quokka bites you but does no damage.
The goblin barely misses you.
The frilled lizard bites you but does no damage.
You block the goblin's attack.
The quokka bites you but does no damage.
The kobold hits you with a +2 short sword of flaming.
* * * LOW HITPOINT WARNING * * *
The kobold burns you.
You die...

#. .# .#. #.
. .... ##.#.
.... ###....
...#
.....##...##
#>...>...>#
#.lgK.....#
#.#@r...#.#
#.)b......#
#.........#
#.#.....#.#
#.........#
#.........#
#.#.....#.#
#.........#
#.........#


You could see a quokka, a goblin, a bat, a kobold and a frilled lizard.

Vanquished Creatures
  A ball python (D:1)
  A rat (D:1)
2 creatures vanquished.

Notes
Turn   | Place    | Note
-------+----------+-------------------------------------------
     0 | D:1      | Banquo the Gargoyle Fighter began the quest for the Orb.
     0 | D:1      | Reached XP level 1. HP: 14/14 MP: 1/1
    17 | D:1      | Slain by a kobold

Illustrated notes

Levels and vault maps discovered:
D:1:      lemuel_arrival_broad_hall, layout_rooms, basic_ecumenical_altar,
          hangedman_decor_clover_reticule, hangedman_feature_mirror

Action                   || total
-------------------------++-------
Melee: War axe           ||     7
Armor: Scale mail        ||    12
Dodge: Dodged            ||     9
Block: Buckler           ||     6
